 Dungeon Crawl Stone Soup version 0.19.1 (webtiles) character file.

7016 Gargoyl the Schismatic (level 10, -10/69 HPs)
             Began as a Demonspawn Abyssal Knight on Nov 27, 2016.
             Was an Elder of Lugonu.
             Mangled by a troll (12 damage)
             ... on level 10 of the Dungeon on Nov 28, 2016.
             The game lasted 00:18:16 (9370 turns).

Gargoyl the Schismatic (Demonspawn Abyssal Knight)  Turns: 9370, Time: 00:18:19

Health: -10/69     AC: 17    Str: 14 (15) XL:     10   Next: 82%
Magic:  17/17      EV:  7    Int: 11 (13) God:    Lugonu [****..]
Gold:   209        SH:  6    Dex: 11 (12) Spells: 0 memorised, 9 levels left

rFire  . . .     SeeInvis .     I - +3 war axe of Cataclysm {chop, rN+}
rCold  . . .     Gourm    .     J - +3 chain mail
rNeg   + . .     Faith    .     (no shield)
rPois  .         Spirit   .     (helmet restricted)
rElec  .         Reflect  .     A - +2 cloak
rCorr  .         Harm     .     (no gloves)
MR     .....     Clarity  +     (no boots)
Stlth  ..........               (no amulet)
                                (no ring)
                                (no ring)

@: no status effects
A: horns 1, large bone plates 2, blurry vision 1, clarity, frail 1, powered by
death 1, spiny 1, weak 1, wild magic 1
a: Depart the Abyss, Bend Space, Banish, Corrupt, Renounce Religion


You were on level 10 of the Dungeon.
You worshipped Lugonu.
Lugonu was greatly pleased with you.
You were hungry.

You visited 1 branch of the dungeon, and saw 10 of its levels.
You visited the Abyss 1 time.

You collected 578 gold pieces.
You spent 369 gold pieces at shops.

Inventory:

Hand Weapons
 a - a +1 hand axe
 h - the +12 flail of Integrity {elec, rPois MR+ Stlth+}
   (You found it on level 9 of the Dungeon)

   Occasionally, upon striking a foe, it will discharge some electrical energy
   and cause terrible harm.
   It protects you from poison.
   It affects your resistance to hostile enchantments.
   It makes you more stealthy.
 t - a +3 hand axe of flaming
 I - the +3 war axe of Cataclysm (weapon) {chop, rN+}
   (You bought it in a shop on level 7 of the Dungeon)

   It inflicts extra damage upon your enemies.
   It protects you from negative energy.
Missiles
 y - 13 tomahawks (quivered)
Armour
 e - a +0 helmet
 A - a +2 cloak (worn)
 J - a +3 chain mail (worn)
Wands
 o - a wand of digging (5/24)
 F - a wand of teleportation (2/9)
Scrolls
 b - 2 scrolls of identify
 i - 5 scrolls of enchant weapon
 p - 4 scrolls of teleportation
 q - 2 scrolls of amnesia
 r - a scroll of blinking
 s - 7 scrolls of remove curse
 u - a scroll of recharging {unknown}
 w - 4 scrolls of magic mapping {unknown}
 B - a scroll of immolation {unknown}
 H - 2 scrolls of enchant armour {unknown}
 M - a scroll of brand weapon {unknown}
Potions
 g - 4 potions of magic
 n - a potion of invisibility
 x - 2 potions of brilliance
 z - 2 potions of curing
 C - 2 potions of degeneration
 E - a potion of haste
Books
 k - a book of Changes

   Spells                             Type                      Level
   a - Beastly Appendage              Transmutation                1
   b - Sticks to Snakes               Transmutation                2
   c - Spider Form                    Transmutation/Poison         3
   d - Ice Form                       Ice/Transmutation            4
   e - Blade Hands                    Transmutation                5
 G - a book of Maledictions

   Spells                             Type                      Level
   a - Corona                         Hexes                        1
   b - Ensorcelled Hibernation        Hexes/Ice                    2
   c - Confuse                        Hexes                        3
   d - Tukima's Dance                 Hexes                        3
   e - Dazzling Spray                 Conjuration/Hexes            3
Comestibles
 c - 2 bread rations
 d - 2 meat rations


   Skills:
 + Level 6.5 Fighting
 + Level 9.2 Axes
 + Level 1.1 Throwing
 * Level 9.0 Armour
 + Level 1.8 Dodging
 * Level 9.7 Invocations
 + Level 0.4 Evocations


You had 9 spell levels left.
You didn't know any spells.

Dungeon Overview and Level Annotations

Branches:
Dungeon (10/15)            Temple (0/1) D:4
   Lair: D:8-11         Orc: D:9-12

Altars:
Ashenzari
Elyvilon
Gozag
Okawaru
Qazlal
Sif Muna
Trog
Zin

Shops:
D:7 (


Innate Abilities, Weirdness & Mutations

You are mostly covered in large bone plates. (SH +6)
You regenerate a little health from kills.
You are partially covered in sharp spines.
You have a pair of small horns on your head.
Scrolls take you a little longer to read.
You possess an exceptional clarity of mind.
You are frail. (-10% HP)
You are weak. (Str -2)
Your spells are a little harder to cast, but a little more powerful.


Message History

The troll claws you.
A bullfrog comes into view.
The bullfrog croaks.
You slash the troll!
The troll is almost dead.
You block the troll's attack. The troll claws you. The troll claws you!
* * * LOW HITPOINT WARNING * * *
You closely miss the troll. Your headbutt misses the troll.
The troll is severely wounded.
The troll bites you!
* * * LOW HITPOINT WARNING * * *
The troll claws you but does no damage. You block the troll's attack.
You block the wolf's attack.
Your chain mail prevents you from hitting the troll.
The troll is severely wounded.
You closely miss the wolf. The troll barely misses you. The troll claws you.
* * * LOW HITPOINT WARNING * * *
The troll claws you but does no damage. The wolf is struck by your spines.
The wolf bites you but does no damage. The troll bites you!
You die...

#..... ........# #+#....
........# .......
#..#..#.# .......
#..#.##.# ....... #
##..#.##.# ..h....
##.#...#.##.# y......
.#.#.#.#.##.#####h...$..
.#..............@TF.....
.###.#.#.#..##.###......
.<...#.#.....#.# .....
.#.#.#.#.....#.# ....
.....#.#..###### ...
.#.###.#### .. .... ..#
# .#.. ..# .....


You could see a troll, a hornet, a wolf, a bullfrog and a jackal.

Vanquished Creatures
  2 two-headed ogres
  A wyvern (D:8)
  Eustachio (D:6)
  Grum (D:8)
  2 humans (D:9)
  5 yaks (D:9)
  A water moccasin (D:6)
  Duvessa (D:6)
  An ice beast (D:5)
  3 orc warriors
  2 sky beasts
  4 phantoms
  8 ogres
  An eye of draining (D:8)
  4 wolves (D:8)
  6 centaurs
  A big kobold (D:7)
  6 bullfrogs
  Dowan (D:6)
  4 scorpions
  6 killer bees (D:8)
  4 crimson imps
  A bullfrog zombie (D:8)
  A centaur zombie (D:5)
  4 hounds
  A jelly (D:5)
  2 centaur skeletons
  2 orc priests
  2 orc wizards
  A bullfrog skeleton (D:7)
  Jessica (D:2)
  Ijyb (D:2)
  2 iguanas
  5 worker ants
  A hound skeleton (D:5)
  2 worker ant zombies
  Robin (D:2)
  11 gnolls
  A howler monkey skeleton (D:4)
  6 adders
  A shadow imp (D:6)
  An adder skeleton (D:4)
  4 worms
  3 dart slugs
  6 leopard geckos
  24 orcs
  A ball python (D:3)
  13 bats
  9 giant cockroaches
  15 goblins
  6 hobgoblins
  12 jackals
  4 quokkas
  6 frilled lizards
  A jackal skeleton (D:7)
  A jackal zombie (D:7)
  11 kobolds
  A leopard gecko skeleton (D:4)
  6 rats
235 creatures vanquished.

Vanquished Creatures (others)
  The ghost of TheSquall the Severer, a novice MiBe of Trog (D:8)
  A wyvern skeleton (D:9)
2 creatures vanquished.

Grand Total: 237 creatures vanquished

Notes
Turn   | Place    | Note
-------+----------+-------------------------------------------
     0 | Abyss:1  | Gargoyl the Demonspawn Abyssal Knight began the quest for the Orb.
     0 | Abyss:1  | Reached XP level 1. HP: 18/18 MP: 2/2
   101 | Abyss:2  | Noticed a neqoxec
   124 | Abyss:2  | Gained mutation: Scrolls take you a little longer to read. [a neqoxec]
   126 | Abyss:2  | Noticed a large abomination
   132 | Abyss:2  | Noticed an iron imp
   139 | Abyss:2  | Noticed a smoke demon
   143 | D:1      | Escaped the Abyss
   543 | D:1      | Reached skill level 1 in Dodging
   635 | D:1      | Gained mutation: You are partially covered in large bone plates. (SH +4) [demonic ancestry]
   635 | D:1      | Reached XP level 2. HP: 21/24 MP: 3/3
   762 | D:1      | Reached * piety under Lugonu
   907 | D:1      | Reached XP level 3. HP: 21/29 MP: 5/5
  1630 | D:2      | Gained mutation: You are partially covered in sharp spines. [demonic ancestry]
  1630 | D:2      | Reached XP level 4. HP: 9/35 MP: 6/6
  2083 | D:2      | Noticed Jessica
  2089 | D:2      | Killed Jessica
  2232 | D:2      | Noticed Ijyb
  2259 | D:2      | Killed Ijyb
  2259 | D:2      | Gained mutation: You regenerate a little health from kills. [demonic ancestry]
  2259 | D:2      | Reached XP level 5. HP: 40/41 MP: 7/7
  2374 | D:2      | Noticed Robin
  2377 | D:2      | Reached ** piety under Lugonu
  2390 | D:2      | Killed Robin
  2615 | D:3      | Found a stormy altar of Qazlal.
  2725 | D:3      | Found a shattered altar of Ashenzari.
  3034 | D:3      | Reached XP level 6. HP: 44/48 MP: 9/9
  3378 | D:4      | Reached *** piety under Lugonu
  3850 | D:3      | Found a bloodstained altar of Trog.
  3915 | D:4      | Found a staircase to the Ecumenical Temple.
  4013 | D:4      | Gained mutation: You are mostly covered in large bone plates. (SH +6) [demonic ancestry]
  4013 | D:4      | Reached XP level 7. HP: 53/53 MP: 10/10
  4020 | D:4      | Reached skill level 5 in Invocations
  4180 | D:5      | Entered Level 5 of the Dungeon
  4282 | D:5      | Found an opulent altar of Gozag.
  4404 | D:5      | Reached skill level 5 in Armour
  4509 | D:5      | Reached skill level 5 in Axes
  4536 | D:5      | Reached XP level 8. HP: 54/61 MP: 12/12
  4699 | D:6      | Found a white marble altar of Elyvilon.
  4704 | D:6      | Noticed Duvessa
  4706 | D:6      | Noticed Dowan
  4711 | D:6      | Killed Duvessa
  4722 | D:6      | Killed Dowan
  5292 | D:7      | Found a deep blue altar of Sif Muna.
  5333 | D:7      | Gained mutation: You are weak. (Str -2) [mutagenic meat]
  5334 | D:7      | Gained mutation: Scrolls take you longer to read. [mutagenic meat]
  5335 | D:7      | Gained mutation: You are frail. (-10% HP) [mutagenic meat]
  5336 | D:7      | Gained mutation: You have a pair of small horns on your head. [mutagenic meat]
  5460 | D:7      | Found Odestrott's Weapon Boutique.
  5477 | D:7      | Bought the cursed +3 war axe of Cataclysm {chop, rN+} for 369 gold pieces
  5715 | D:6      | Reached **** piety under Lugonu
  5778 | D:6      | Noticed Eustachio
  5833 | D:6      | Killed Eustachio
  5833 | D:6      | Reached skill level 5 in Fighting
  5833 | D:6      | Reached XP level 9. HP: 55/61 MP: 14/14
  6260 | D:6      | Reached skill level 1 in Throwing
  6707 | D:7      | Found a stormy altar of Qazlal.
  7049 | D:7      | Found a glowing silver altar of Zin.
  7050 | D:7      | Found an opulent altar of Gozag.
  7090 | D:8      | Noticed TheSquall's ghost (novice MiBe)
  7268 | D:8      | Banished TheSquall's ghost
  7424 | D:8      | Reached XP level 10. HP: 36/68 MP: 16/16
  7611 | D:8      | Gained mutation: You are agile. (Dex +2) [mutagenic meat]
  7612 | D:8      | Gained mutation: Your spells are a little harder to cast, but a little more powerful. [mutagenic meat]
  7613 | D:8      | Lost mutation: You are agile. (Dex +2) [mutagenic meat]
  7684 | D:8      | Noticed Grum
  7697 | D:8      | Killed Grum
  8714 | D:9      | Got a steaming flail
  8717 | D:9      | Identified the +12 flail of Integrity {elec, rPois MR+ Stlth+} (You found it on level 9 of the Dungeon)
  8774 | D:9      | Gained mutation: You possess an exceptional clarity of mind. [potion of mutation]
  8775 | D:9      | Lost mutation: Scrolls take you longer to read. [potion of mutation]
  9160 | D:9      | Found an iron altar of Okawaru.
  9337 | D:10     | Entered Level 10 of the Dungeon
  9370 | D:10     | HP: 2/69 [troll (3)]
  9370 | D:10     | Mangled by a troll

Skill      XL: |  1  2  3  4  5  6  7  8  9 10 |
---------------+-------------------------------+-----
Dodging        | 1 |  1.8
Armour         | 2 3 4 5 6 7 9 |  9.0
Axes           | 2 3 4 5 6 8 9 |  9.2
Invocations    | 3 4 5 7 8 9 |  9.7
Fighting       | 4 5 6 |  6.5
Throwing       | 1 |  1.1
Evocations     | |  0.4

Action                   |  1- 3 |  4- 6 |  7- 9 | 10-12 || total
-------------------------+-------+-------+-------+-------++-------
Melee: Hand axe          |   155 |   168 |   141 |       ||   464
       War axe           |       |       |   124 |   126 ||   250
       Headbutt          |       |       |    17 |    13 ||    30
Throw: Tomahawk          |       |     1 |     7 |       ||     8
Invok: Depart the Abyss  |     1 |       |       |       ||     1
       Banish            |       |       |     1 |       ||     1
Evoke: Wand              |       |     3 |       |       ||     3
  Use: Scroll            |       |     3 |     3 |    11 ||    17
       Potion            |       |       |     1 |    12 ||    13
  Eat: Chunk             |     2 |     8 |    16 |     6 ||    32
       Bread ration      |       |       |       |     1 ||     1
Armor: Plate armour      |   138 |   128 |   166 |       ||   432
       Leather armour    |     2 |       |       |       ||     2
       Chain mail        |       |       |    41 |    83 ||   124
Dodge: Dodged            |    33 |    24 |    66 |    53 ||   176
Block: Other             |    35 |    45 |    81 |    61 ||   222
